 Dungeon Crawl Stone Soup version 0.31.0-11-ge490571c62 (webtiles) character file.

Game seed: 6543419734666683258

59 Arctor the Firebug (level 3, -5/19 HPs)
             Began as a Deep Elf Fire Elementalist on Feb 1, 2024.
             Slain by a black bear (6 damage)
             ... on level 3 of the Dungeon.
             The game lasted 00:01:31 (1923 turns).

Arctor the Firebug (Deep Elf Fire Elementalist)     Turns: 1923, Time: 00:01:32

Health: -5/19      AC:  3    Str:  5    XL:     3   Next: 78%
Magic:  8/10       EV: 13    Int: 21    God:
Gold:   116        SH:  0    Dex: 15    Spells: 8/9 levels left

rFire   . . .        (no weapon)
rCold   . . .        (no shield)
rNeg    . . .        a - +0 robe
rPois   .            (no helmet)
rElec   .            k - +0 cloak
rCorr   .            (no gloves)
SInv    +            (no boots)
Will    .....        (no amulet)
Stlth   ++           h - ring of see invisible
HPRegen 0.23/turn    (no ring)
MPRegen 0.12/turn

%: no passive effects
@: no status effects
A: no striking features
a: no special abilities


You were on level 3 of the Dungeon.
You visited 1 branch of the dungeon, and saw 3 of its levels.

You collected 116 gold pieces.

Inventory:

Armour
 a - a +0 robe (worn)
 k - a +0 cloak (worn)
Jewellery
 h - a ring of see invisible (left hand)
Scrolls
 d - a scroll of immolation
 e - a scroll of teleportation {unknown}
 f - a scroll of amnesia
 g - a scroll of enchant armour
 i - a scroll of brand weapon
Potions
 b - 2 potions of magic
 c - 2 potions of heal wounds {unknown}
 j - 2 potions of brilliance {unknown}
 l - a potion of lignification {unknown}


   Skills:
 + Level 3.1 Dodging
 + Level 3.2 Stealth
 + Level 3.7 Spellcasting
 + Level 2.0 Conjurations
 + Level 3.7 Fire Magic


You had 8 spell levels left.
You knew the following spells:

 Your Spells              Type           Power      Damage    Failure   Level
a - Foxfire               Conj/Fire      64%        2x1d7     3%          1

Your spell library contained the following spells:

 Spells                   Type           Power      Damage    Failure   Level
 Scorch                   Fire           38%        2d6       4%          2
 Inner Flame              Hex/Fire       11%        N/A       17%         3
 Volatile Blastmotes      Fire/Tloc      22%        2d11      17%         3
 Flame Wave               Conj/Fire      16%        2d7       36%         4


Dungeon Overview and Level Annotations

Branches:
Dungeon (3/15)

Altars:
Fedhas


Message History

The hobgoblin moves out of view.
You conjure some foxfire!
The rat squeaks loudly.
The adder hisses angrily.
The black bear growls angrily.
The foxfire hits the black bear.
The black bear is lightly wounded.
There are monsters nearby!
You hit the black bear but do no damage.
The black bear is lightly wounded.
There is not enough space to conjure foxfire!
You hit the black bear. Your punch misses the black bear.
The black bear is moderately wounded.
The black bear bites you. The black bear claws you. The black bear misses you.
You conjure some foxfire!
The black bear misses you. The black bear closely misses you.
The black bear claws you but does no damage.
There are monsters nearby!
You hit the black bear but do no damage.
The black bear is lightly wounded.
The black bear bites you!
* * * LOW HITPOINT WARNING * * *
The black bear claws you.
* * * LOW HITPOINT WARNING * * *
The black bear claws you.
* * * LOW HITPOINT WARNING * * *
Casting: Foxfire (safe; 3% risk of failure)
Confirm with . or Enter, or press ? or * to list all spells.
You don't know that spell.
Unknown command.
Your foxfire dissipates!
You see here 3 stones.
The black bear attacks as it pursues you!
The black bear bites you.
* * * LOW HITPOINT WARNING * * *
The black bear claws you but does no damage.
The black bear misses you.
There is a stone staircase leading up here.
Okay, then.
The black bear bites you.
You die...

... .... .....
######......
#.(.r.g.....
#.#####.....
#r#S.## ###
#..h..#
####@##
#.............
##.###########


You could see a black bear, an adder and a rat.

Vanquished Creatures
  2 adders (D:2)
  A ribbon worm (D:2)
  4 endoplasms
  2 giant cockroaches
  5 hobgoblins
  2 jackals (D:2)
  2 kobolds (D:1)
  A quokka (D:1)
  7 ball pythons
  2 bats
  A frilled lizard (D:1)
  5 goblins
  2 rats (D:1)
36 creatures vanquished.

Vanquished Creatures (others)
  165 foxfires
165 creatures vanquished.

Grand Total: 201 creatures vanquished

Notes
Turn   | Place    | Note
-------+----------+-------------------------------------------
     0 | D:1      | Arctor the Deep Elf Fire Elementalist began the quest for
                  | the Orb.
     0 | D:1      | Reached XP level 1. HP: 10/10 MP: 6/6
   398 | D:1      | Reached XP level 2. HP: 15/15 MP: 5/8
  1215 | D:2      | Reached XP level 3. HP: 12/19 MP: 2/10
  1216 | D:2      | Found a blossoming altar of Fedhas.
  1904 | D:3      | Noticed a black bear
  1923 | D:3      | Slain by a black bear

Illustrated notes

Levels and vault maps discovered:
D:1:      mainiacjoe_arrival_oval_in_oval, layout_basic,
          kennysheep_decorative_pillar, minmay_misc_feat_x, st_stairs_12
D:2:      layout_rooms, basic_altar
D:3:      layout_basic, nicolae_gozag_seed_capital, chequers_decorated_corner

Skill      XL: |  1  2  3 |
---------------+----------+-----
Dodging        | 3 |  3.1
Stealth        | 3 |  3.2
Conjurations   | 2 |  2.0
Spellcasting   | |  3.7
Fire Magic     | |  3.7

Action                     || total
---------------------------++-------
  Melee: Unarmed           ||    23
   Cast: Foxfire           ||   102
    Use: Scroll            ||     4
 Armour: Robe              ||    26
  Dodge: Dodged            ||    40
